 Dungeon Crawl Stone Soup version 0.25-a0-663-gace7076f2c (webtiles) character file.

Game seed: 17475966049602794057, levelgen mode: deterministic

272 Haet the Digger (level 6, 0/32 HPs)
             Began as a Gargoyle Earth Elementalist on Mar 24, 2020.
             Slain by a sky beast (4 damage)
             ... on level 5 of the Dungeon.
             The game lasted 00:09:05 (3227 turns).

Haet the Digger (Gargoyle Earth Elementalist)       Turns: 3227, Time: 00:09:06

Health: 0/32       AC:  7    Str: 11    XL:     6   Next: 23%
Magic:  1/11       EV: 12    Int: 18    God:
Gold:   49         SH:  0    Dex: 10    Spells: 3/12 levels left

rFire    . . .     SeeInvis .   j - +0 mace
rCold    . . .     Gourm    .   (no shield)
rNeg     + . .     Faith    .   c - +0 robe
rPois    ∞         Spirit   .   (no helmet)
rElec    +         Reflect  .   i - +0 cloak
rCorr    .         Harm     .   (no gloves)
MR       .....                  (no boots)
Stlth    ++........             (no amulet)
HPRegen  0.10/turn              (no ring)
MPRegen  0.12/turn              (no ring)

@: mighty
A: negative energy resistance 1, electricity resistance, unbreathing,
petrification resistance, rot immunity, AC +4
a: no special abilities


You were on level 5 of the Dungeon.
You were not hungry.

You visited 1 branch of the dungeon, and saw 4 of its levels.

You collected 49 gold pieces.

Inventory:

Hand Weapons
 e - a +0 club
 h - a +4 quarterstaff of chaos
 j - a +0 mace (weapon)
 m - a +0 flail
Missiles
 b - 19 stones (quivered)
Armour
 c - a +0 robe (worn)
 i - a +0 cloak (worn)
Wands
 a - a wand of flame (8)
Comestibles
 d - 4 rations


   Skills:
 - Level 1.5 Dodging
 - Level 2.1 Stealth
 + Level 3.8 Spellcasting
 + Level 3.0 Conjurations
   Level 0.7 Transmutations
 + Level 5.7 Earth Magic


You had 3 spell levels left.
You knew the following spells:

 Your Spells              Type           Power        Failure   Level  Hunger
a - Sandblast             Erth           ###...       1%          1    None
b - Stone Arrow           Conj/Erth      ###...       8%          3    ###....
c - Lee's Rapid Deconstr  Erth           ###.......   36%         5    ######.

Your spell library contained the following spells:

 Spells                   Type           Power        Failure   Level  Hunger
 Passwall                 Tmut/Erth      ###.....     6%          2    ##.....
 Petrify                  Tmut/Erth      ###.....     36%         4    ####...


Dungeon Overview and Level Annotations

Branches:
Dungeon (3/15)

Altars:
The Shining One


Innate Abilities, Weirdness & Mutations

You are resistant to torment.
Your stone body is resilient. (AC +4)
You are immune to poison.
You resist negative energy. (rN+)
You are resistant to electric shocks. (rElec)
You can survive without breathing.
You are immune to petrification.
You are immune to rotting.


Message History

* * * LOW HITPOINT WARNING * * *
Something hits you but does no damage.
Casting: Sandblast (safe; 1% risk of failure)
Confirm with . or Enter, or press ? or * to list all spells.
Aiming: Sandblast (safe; 1% risk of failure)
Press: ? - help, Shift-Dir - straight line The blast of sand hits something.
b - 19 stones Something hits you but does no damage.
You miss something. Something hits you but does no damage.
You closely miss something. Something hits you but does no damage.
Something hits you.
* * * LOW HITPOINT WARNING * * *
Something shocks you. You resist.
* * * LOW HITPOINT WARNING * * *
You sock something! Something hits you but does no damage.
You miss something. Something hits you but does no damage.
You closely miss something. Something completely misses you.
Something hits you.
You die...

.......#.....##
>.............###.
.....#...###...... .
...#.....##....... ..
...#........##Y. ..
............... ..
.........##..## .#
.........##..{#.##...
............†@†......
..[.....##.........<.
.......######.##.....
....... ### ....
.a.?..# ... .....# ..
#..## # ##.


There were no monsters in sight!

Vanquished Creatures
  2 iguanas (D:5)
  Crazy Yiuf (D:2)
  Natasha (twice) (D:2)
  2 worker ants (D:5)
  4 adders (D:2)
  2 dart slugs (D:1)
  5 leopard geckos
  5 orcs (D:2)
  2 giant cockroaches
  7 goblins
  6 hobgoblins
  5 kobolds
  A quokka (D:2)
  6 bats
  5 frilled lizards
  4 rats (D:2)
59 creatures vanquished.

Notes
Turn   | Place    | Note
-------+----------+-------------------------------------------
     0 | D:1      | Haet the Gargoyle Earth Elementalist began the quest for
                  | the Orb.
     0 | D:1      | Reached XP level 1. HP: 10/10 MP: 3/3
     0 | D:1      | Noticed an ogre
     0 | D:1      | Noticed a centaur
     0 | D:1      | Noticed a formicid
     2 | D:1      | Noticed a formicid
     2 | D:1      | Noticed a centaur
     6 | D:1      | Noticed a gargoyle
    10 | D:1      | Noticed a vine stalker
    12 | D:1      | Noticed a centaur
    12 | D:1      | Noticed a human
    14 | D:1      | Noticed a human
    14 | D:1      | Noticed an elf
    16 | D:1      | Noticed a vampire
    16 | D:1      | Noticed an elf
    18 | D:1      | Noticed a spriggan
    18 | D:1      | Noticed a draconian
    20 | D:1      | Noticed a draconian
   488 | D:1      | Reached skill level 4 in Earth Magic
   488 | D:1      | Reached XP level 2. HP: 15/15 MP: 3/5
   873 | D:1      | Reached XP level 3. HP: 13/19 MP: 6/6
   878 | D:1      | Learned a level 3 spell: Stone Arrow
  1740 | D:2      | Reached skill level 1 in Conjurations
  1740 | D:2      | Reached XP level 4. HP: 15/24 MP: 3/8
  1985 | D:2      | Found a runed translucent door.
  1986 | D:2      | Noticed Crazy Yiuf
  1992 | D:2      | Killed Crazy Yiuf
  2384 | D:2      | Noticed Natasha
  2394 | D:2      | Killed Natasha
  2394 | D:2      | Reached skill level 5 in Earth Magic
  2394 | D:2      | Reached XP level 5. HP: 24/28 MP: 4/9
  2692 | D:2      | Noticed Natasha
  2695 | D:2      | Killed Natasha
  3146 | D:2      | Found a glowing golden altar of the Shining One.
  3163 | D:3      | You fall into a shaft and drop 2 floors!
  3163 | D:5      | Entered Level 5 of the Dungeon
  3178 | D:5      | Learned a level 5 spell: Lee's Rapid Deconstruction
  3192 | D:5      | Noticed a sky beast
  3200 | D:5      | Reached XP level 6. HP: 27/32 MP: 3/11
  3227 | D:5      | Slain by a sky beast

Levels and vault maps discovered:
D:1:      shiori_arrival_whats_in_store_for_you, layout_loops_ring
D:2:      lemuel_upstairs_altar, layout_basic, uniq_crazy_yiuf_cottage,
          uniq_natasha
D:3:      layout_loops_ring, eat_drink_and_be_merry_uskayaw
D:5:      layout_cave_pools, gammafunk_ghost_abyssal_escape, first_ration

Skill      XL: |  1  2  3  4  5  6 |
---------------+-------------------+-----
Earth Magic    | 4 5 |  5.7
Conjurations   | 1 2 3 |  3.0
Spellcasting   | 3 |  3.8
Dodging        | |  1.5
Stealth        | |  2.1
Transmutations | |  0.7

Action                   |  1- 3 |  4- 6 || total
-------------------------+-------+-------++-------
Melee: Unarmed           |    23 |       ||    23
       Club              |    88 |       ||    88
       Mace              |       |    58 ||    58
 Cast: Sandblast         |    23 |    40 ||    63
       Stone Arrow       |     1 |       ||     1
  Use: Scroll            |       |     2 ||     2
       Potion            |       |     2 ||     2
 Stab: Sleeping          |       |     3 ||     3
  Eat: Chunk             |     3 |     5 ||     8
Armor: Robe              |    33 |    51 ||    84
Dodge: Dodged            |    74 |    53 ||   127

Table legend:
 A = Non-vault XP
 B = Vault XP
 C = Vault XP percentage of total XP
 D = Non-vault monster count
 E = Vault monster count
 F = Vault count percentage of total count
                 A         B        C        D         E       F
            +---------+---------+-------+---------+---------+-------
      Total |     321 |      68 |  17.5 |      57 |       2 |   3.4
            +---------+---------+-------+---------+---------+-------
        D:1 |      42 |       0 |   0.0 |      21 |       0 |   0.0
        D:2 |     136 |      68 |  33.3 |      31 |       2 |   6.1
        D:3 |       2 |       0 |   0.0 |       1 |       0 |   0.0
        D:5 |     141 |       0 |   0.0 |       4 |       0 |   0.0
            +---------+---------+-------+---------+---------+-------
